 Dungeon Sprint DCSS version 0.17-a0-1805-g6093636 (webtiles) character file.

534 nuthulu the Fighter (level 7, 0/50 HPs)
             Began as a Gargoyle Berserker on Sept 12, 2015.
             Was an Elder of Trog.
             Slain by a human (6 damage)
             ... in the Dungeon (Sprint III: "The Ten Rune Challenge").
             The game lasted 00:02:24 (1260 turns).

nuthulu the Fighter (Gargoyle Berserker)            Turns: 1260, Time: 00:02:24

Health: 0/50       AC: 10    Str: 21    XL:     7   Next: 25%
Magic:  7/7        EV: 14    Int:  7    God:    Trog [****..]
Gold:   36         SH:  0    Dex: 11    Spells: 0 memorised, 6 levels left

rFire  . . .     SeeInvis .     a - +0 mace
rCold  . . .     Clarity  .     k - +0 leather armour
rNeg   + . .     SustAt   .     (no shield)
rPois  ∞         Gourm    .     (no helmet)
rElec  +         Spirit   .     (no cloak)
rCorr  .         Warding  .     (no gloves)
rMut   .         NoTele   +     (no boots)
MR     .....                    (no amulet)
Stlth  +.........               (no ring)
                                (no ring)

@: not resistant to hostile enchantments, very unstealthy
A: thin metallic scales 1, blink 1, breathe flames 1, negative energy resistance
1, electricity resistance, unbreathing, petrification resistance, rot immunity,
AC +4
a: Blink, Burn Spellbooks, Berserk, Trog's Hand, Brothers in Arms, Renounce
Religion, Breathe Fire


You were in the Dungeon.
You worshipped Trog.
Trog was greatly pleased with you.
You were not hungry.

You visited 1 branch You collected 36 gold pieces.

Inventory:

Hand weapons
 a - a +0 mace (weapon)
Armour
 b - a +0 animal skin
 k - a +0 leather armour (worn)
Scrolls
 i - a scroll of blinking
 n - 5 scrolls of remove curse
 q - a scroll of torment {unknown}
Potions
 d - 2 potions of curing
 e - a potion of heal wounds
 f - a potion of haste
 g - 2 potions of magic
 h - a potion of berserk rage
 j - a potion of mutation
 o - 4 potions of cure mutation
 p - 2 potions of flight {unknown}
Comestibles
 c - a bread ration
 r - a royal jelly


   Skills:
 + Level 8.9 Fighting
 + Level 8.2 Maces & Flails
 + Level 8.6 Armour
 + Level 6.5 Dodging


You had 6 spell levels left.
You didn't know any spells.

Dungeon Overview and Level Annotations

Branches:
Dungeon (1/1)

Altars:
Cheibriados
Elyvilon
Fedhas
Kikubaaqudgha
Okawaru
Sif Muna
Trog
Vehumet
Yredelemnul
Zin
The Shining One


Innate Abilities, Weirdness & Mutations

You are resistant to torment.
Your stone body is resilient (AC +4).
You are immune to poison.
You resist negative energy.
You are resistant to electric shocks.
You can survive without breathing.
You are immune to petrification.
You are immune to rotting.
You are partially covered in thin metallic scales (AC +2).
You can translocate small distances at will.
You can breathe flames.


Message History

The human hits you but does no damage.
You closely miss the human.
The human is severely wounded.
The human barely misses you.
You thump the human!
The human is almost dead.
The human hits you. The human hits you but does no damage.
You hit the human.
The human is almost dead.
The human hits you.
You closely miss the human.
The human is almost dead.
The human hits you!
* * * LOW HITPOINT WARNING * * *
The human hits you!
* * * LOW HITPOINT WARNING * * *
You hit the human but do no damage.
The human is almost dead.
The human hits you.
You die...

▓▓▓▓ ▓▓▓ ...♣♣♣
♣.############ ...♣.♣
♣♣.#___#__[#__# ....♣
..#)..#..p#._#
...≈♣♣♣♣♣.###'#p###)##
..≈≈.♣..♣.#.....@....#
.≈≈≈≈.♣.♣.+.⌠........#
.≈≈≈≈≈≈♣..#...######+#
≈≈≈≈≈≈....#.⌠.#
≈≈≈≈≈.....#...#
≈≈≈.......#+###
..........#.).#
..........#___#
▓▓▓▓▓▓▓▓▓▓▓▓▓▓▓


You could see a human (berserk).

Vanquished Creatures
  A deep elf priest (D)
  A necrophage (D)
  A water elemental (D)
  A scorpion (D)
  A necromancer (D)
  A wizard (D)
  A kobold demonologist (D)
  A human (D)
  An ooze (D)
  3 rats (D)
12 creatures vanquished.

Vanquished Creatures (others)
  2 draconian scorchers (D)
  2 yaktaurs (D)
  2 fire drakes (D)
  2 plants (D)
8 creatures vanquished.

Grand Total: 20 creatures vanquished

Notes
Turn   | Place    | Note
--------------------------------------------------------------
     0 | D        | nuthulu the Gargoyle Berserker began the quest for the Orb.
     0 | D        | Reached XP level 1. HP: 14/14 MP: 1/1
    11 | D        | Acquired Trog's second power
    84 | D        | Killed a yaktaur
   138 | D        | Reached XP level 2. HP: 8/20 MP: 2/2
   139 | D        | Killed a white draconian scorcher
   148 | D        | Killed a fire drake
   151 | D        | Killed a white draconian scorcher
   240 | D        | Killed a fire drake
   362 | D        | Reached skill level 4 in Fighting
   362 | D        | Reached XP level 3. HP: 22/24 MP: 3/3
   458 | D        | Noticed a scorpion
   490 | D        | Killed a scorpion
   490 | D        | Reached skill level 5 in Fighting
   490 | D        | Reached skill level 5 in Maces & Flails
   490 | D        | Reached XP level 4. HP: 4/31 MP: 4/4
   792 | D        | Gained mutation: You can breathe flames. [potion of mutation]
   792 | D        | Gained mutation: You can translocate small distances at will. [potion of mutation]
   792 | D        | Gained mutation: You are partially covered in thin metallic scales (AC +2). [potion of mutation]
   843 | D        | Noticed a water elemental
   850 | D        | Killed a water elemental
   850 | D        | Reached skill level 6 in Fighting
   850 | D        | Reached skill level 5 in Armour
   850 | D        | Reached XP level 5. HP: 37/37 MP: 5/5
   915 | D        | Found a radiant altar of Vehumet.
   916 | D        | Found a deep blue altar of Sif Muna.
   916 | D        | Found an ancient bone altar of Kikubaaqudgha.
   916 | D        | Noticed a wizard
   918 | D        | Killed a wizard
   931 | D        | Acquired Trog's third power
   941 | D        | Killed a yaktaur
  1053 | D        | Found a glowing silver altar of Zin.
  1054 | D        | Found a glowing golden altar of the Shining One.
  1054 | D        | Found a white marble altar of Elyvilon.
  1054 | D        | Noticed a deep elf priest
  1070 | D        | Killed a deep elf priest
  1070 | D        | Reached skill level 8 in Fighting
  1070 | D        | Reached XP level 6. HP: 33/45 MP: 6/6
  1070 | D        | Reached XP level 7. HP: 36/50 MP: 7/7
  1136 | D        | Found a basalt altar of Yredelemnul.
  1136 | D        | Found a snail-covered altar of Cheibriados.
  1136 | D        | Found a blossoming altar of Fedhas.
  1136 | D        | Noticed a necrophage
  1136 | D        | Noticed a necromancer
  1145 | D        | Killed a necromancer
  1151 | D        | Killed a necrophage
  1239 | D        | Found an iron altar of Okawaru.
  1243 | D        | Found a bloodstained altar of Trog.
  1243 | D        | Noticed a human
  1243 | D        | Noticed a human
  1260 | D        | Slain by a human

Vault maps used:
D:        dungeon_sprint_mu

Action                   |  1- 3 |  4- 6 |  7- 9 || total
-------------------------+-------+-------+-------++-------
Melee: Mace              |    42 |    33 |    31 ||   106
Invok: Berserk           |     1 |     3 |       ||     4
       Trog's Hand       |       |     2 |       ||     2
       Burn Spellbooks   |       |     1 |       ||     1
  Use: Scroll            |       |     2 |       ||     2
       Potion            |       |     1 |       ||     1
  Eat: Bread ration      |       |     1 |       ||     1
       Chunk             |       |       |     1 ||     1
